AoeStats
← Stroke My Dill

Black Forest

510439102Analyzed
2v2 RM · 1d ago on Oct 1, 2026· 28m 50s· 4 players
Game mode
Random Map
Map size
Medium (4 player)
Population
200
Speed
Normal
Resources
Standard
Victory
Conquest
Starting age
Dark Age
Ending age
Imperial Age
RankedLock teamsTeams togetherTeam positionsShared explorationLock speedFull tech treeHidden civsTurbo modeCheats
Victory
Defeat
🇦🇷 Vietnamese · Argentina
692
+10
🇦🇷 Wu · Argentina
663
+11
🇺🇸 Japanese · United States
563
-11
🇺🇸 Sicilians · United States
538
-10
SlapxNxTickle
17:03 Feudal Age
16:31 Loom
17:08 Man-at-Arms
17:34 Arson
19:44 Forging
24:26 Scale Mail Armor
25:52 Horse Collar
Stroke My Dill
22:34 Feudal Age
El Toshi4549
1:14 Loom
13:37 Feudal Age
14:55 Double-Bit Axe
14:53 Horse Collar
22:21 Padded Archer Armor
22:12 Fletching
25:44 Castle Age
T1NOCAST
2:04 Loom
16:14 Feudal Age
20:15 Castle Age
19:13 Double-Bit Axe
23:22 Bow Saw
28:13 Wheelbarrow
Connection lost

Rejoining the realm…

Still unreachable

The connection could not be restored.

Session expired

The server has moved on; the page needs a fresh start.